 Dungeon Crawl Stone Soup version 0.19-a0-1886-gd64a0f0 (webtiles) character file.

870 Lochraine the Destroyer (level 7, -16/50 HPs)
             Began as a Yellow Draconian Conjurer on Oct 15, 2016.
             Was an Initiate of Nemelex Xobeh.
             Killed themself with a badly aimed iceblast (18 damage)
             ... on level 4 of the Dungeon.
             The game lasted 00:20:44 (4568 turns).

Lochraine the Destroyer (Yellow Draconian Conjurer) Turns: 4568, Time: 00:20:44

Health: -16/50     AC:  8    Str: 10    XL:     7   Next: 73%
Magic:  0/11       EV: 12    Int: 18    God:    Nemelex Xobeh [......]
Gold:   165        SH:  0    Dex: 11    Spells: 4 memorised, 2 levels left

rFire  . . .     SeeInvis .     c - +0 hand axe
rCold  . . .     Gourm    .     (armour unavailable)
rNeg   . . .     Faith    .     (no shield)
rPois  .         Spirit   .     (helmet restricted)
rElec  .         Dismiss  .     l - +0 cloak
rCorr  +         Reflect  .     m - +0 pair of gloves
MR     .....     Harm     .     (no boots)
Stlth  +++.......               (no amulet)
                                (no ring)
                                n - ring of stealth

@: no status effects
A: spit acid, acid resistance, unfitting armour, cold-blooded, AC +6
a: Spit Acid, Renounce Religion


You were on level 4 of the Dungeon.
You worshipped Nemelex Xobeh.
Nemelex Xobeh was noncommittal.
You were not hungry.

You visited 2 branches of the dungeon, and saw 5 of its levels.

You collected 165 gold pieces.

Inventory:

Hand Weapons
 c - a +0 hand axe (weapon)
 r - a +4 dagger
Armour
 l - a +0 cloak (worn)
 m - a +0 pair of gloves (worn)
Jewellery
 n - a ring of stealth (left hand)
Wands
 i - a wand of flame (13/48)
 k - a wand of random effects (15/48)
Scrolls
 d - 2 scrolls of identify {unknown}
 e - a scroll of magic mapping {unknown}
 f - 2 scrolls of fog {unknown}
 g - 5 scrolls of remove curse
 j - a scroll of fear {unknown}
 p - a scroll of enchant weapon {unknown}
 s - a scroll of amnesia {unknown}
 v - a scroll of blinking {unknown}
 y - a scroll of random uselessness {unknown}
Potions
 h - a potion of resistance {unknown}
 q - 3 potions of heal wounds {unknown}
 u - a potion of brilliance {unknown}
 w - a potion of flight {unknown}
 x - 2 potions of cancellation {unknown}
 A - a potion of berserk rage {unknown}
Books
 a - a book of Conjurations

   Spells                             Type                      Level
   a - Magic Dart                     Conjuration                  1
   b - Searing Ray                    Conjuration                  2
   c - Dazzling Spray                 Conjuration/Hexes            3
   d - Fulminant Prism                Conjuration/Hexes            4
   e - Iskenderun's Mystic Blast      Conjuration                  4
   f - Iskenderun's Battlesphere      Conjuration/Charms           5
Comestibles
 b - 3 bread rations
 o - a beef jerky
 z - a meat ration


   Skills:
 - Level 1.7 Dodging
 - Level 1.7 Stealth
 - Level 3.0 Spellcasting
 + Level 8.6 Conjurations
 - Level 3.0 Hexes


You had 2 spell levels left.
You knew the following spells:

 Your Spells              Type           Power        Failure   Level  Hunger
a - Magic Dart            Conj           ####         1%          1    None
b - Searing Ray           Conj           ####..       1%          2    ##.....
c - Dazzling Spray        Conj/Hex       ###...       4%          3    ###....
d - Iskenderun's Mystic   Conj           ####....     6%          4    ####...


Dungeon Overview and Level Annotations

Branches:
Dungeon (4/15)             Temple (1/1) D:4

Altars:
Ashenzari
Cheibriados
Dithmenos
Elyvilon
Fedhas
Gozag
Makhleb
Nemelex Xobeh
Okawaru
Qazlal
Ru
Uskayaw
Xom
Zin
The Shining One


Innate Abilities, Weirdness & Mutations

You can spit globs of acid.
You are resistant to acid.
Your golden yellow scales are hard. (AC +6)
You cannot fit into any form of body armour.
You are cold-blooded and may be slowed by cold attacks.


Message History

Aim: Pikel, wielding a whip of freezing and wearing a robe (almost dead)
The puff of flame misses Pikel.
The puff of flame hits the slave.
The slave is heavily wounded.
Evoking this partially-identified wand wasted a few charges.
The slave hits you.
* * * LOW HITPOINT WARNING * * *
Pikel misses you.
Evoke which item? (* to show all) (? for menu, Esc to quit)
Zapping:
k - a wand of random effects {zapped: 5} (will waste charges)
Press: ? - help, Shift-Dir - straight line, f/p - Pikel
Aim: Pikel, wielding a whip of freezing and wearing a robe (almost dead)
The mass of ice explodes!
The iceblast engulfs Pikel.
You kill Pikel!
Your Conjurations skill gained 2 levels and is now at level 8!
You have reached level 7!
Your scales start taking on a golden yellow colour.
You can spit globs of acid.
You are resistant to acid.
The iceblast engulfs you!
You die...
Your body disappears without a glow.

#.)..#
...
####.#
..#
#.#
#...
#.####
##.#
#....#
#.#
####.#
#.#
#p#
#@#
#)#
#p#
#l#
#o#


ppo #o. #.. You could see 4 slaves, an orc wizard, 2 orcs and a leopard gecko.

Vanquished Creatures
  Pikel (D:4)
  An ogre (D:3)
  An orc priest (D:3)
  Jessica (D:2)
  2 orc wizards
  Ijyb (D:2)
  Natasha (D:3)
  5 adders
  An ooze (D:2)
  4 worms
  13 orcs
  6 bats
  3 giant cockroaches
  8 goblins
  13 hobgoblins
  15 jackals
  A quokka (D:2)
  5 frilled lizards
  8 kobolds
  11 rats
101 creatures vanquished.

Notes
Turn   | Place    | Note
-------+----------+-------------------------------------------
     0 | D:1      | Lochraine the Draconian Conjurer began the quest for the Orb.
     0 | D:1      | Reached XP level 1. HP: 14/14 MP: 3/3
   510 | D:1      | Reached XP level 2. HP: 17/20 MP: 0/5
   552 | D:1      | Learned a level 2 spell: Searing Ray
  1458 | D:1      | Reached XP level 3. HP: 25/26 MP: 0/7
  1975 | D:2      | Noticed Jessica
  2052 | D:2      | Reached skill level 5 in Conjurations
  2059 | D:2      | Reached XP level 4. HP: 29/33 MP: 5/8
  2220 | D:2      | Noticed Ijyb
  2293 | D:2      | Killed Ijyb
  2777 | D:2      | Learned a level 3 spell: Dazzling Spray
  2783 | D:2      | Killed Jessica
  2783 | D:2      | Reached XP level 5. HP: 38/38 MP: 5/9
  3122 | D:3      | Noticed an ogre
  3128 | D:3      | Killed an ogre
  3128 | D:3      | Reached skill level 6 in Conjurations
  3128 | D:3      | Reached skill level 1 in Hexes
  3442 | D:3      | Reached XP level 6. HP: 31/45 MP: 5/10
  3494 | D:3      | Learned a level 4 spell: Iskenderun's Mystic Blast
  3748 | D:3      | Found a stormy altar of Qazlal.
  3856 | D:3      | Found a glowing silver altar of Zin.
  4140 | D:3      | Noticed Natasha
  4210 | D:3      | Killed Natasha
  4473 | D:4      | Found a staircase to the Ecumenical Temple.
  4475 | D:4      | Noticed a slave
  4478 | D:4      | Noticed a slave
  4479 | D:4      | Noticed Pikel
  4479 | Temple   | Entered the Ecumenical Temple
  4537 | Temple   | Became a worshipper of Nemelex Xobeh the Trickster
  4560 | D:4      | Noticed a slave
  4564 | D:4      | Noticed a slave
  4567 | D:4      | HP: 2/45 [slave[Pikel] (3)]
  4568 | D:4      | Killed Pikel
  4568 | D:4      | Reached skill level 8 in Conjurations
  4568 | D:4      | Your scales start taking on a golden yellow colour.
  4568 | D:4      | Reached XP level 7. HP: 2/50 MP: 0/11
  4568 | D:4      | Killed themself with a badly aimed iceblast

Vault maps used:
D:1:      kennysheep_arrival_forest, serial_co_window_serial,
          co_window_corner_a, co_window_corner_a, co_window_of_opportunity_a,
          co_window_of_opportunity_a, co_window_corner_a,
          co_window_of_opportunity_c, co_window_unsneaky_path_e,
          co_window_2corner, co_window_cross_4, co_window_4corner_b,
          glass_columns_b, glass_columns_c, glass_columns_c, glass_columns_b,
          glass_columns_a
D:2:      uniq_jessica, uniq_iyjb
D:3:      minitemple, hangedman_decor_peaks_small, uniq_natasha
D:4:      minmay_misc_feat_secret_circle, uniq_menkaure, uniq_robin, uniq_pikel
Temple:   cyrus_circular_temple

Skill      XL: |  1  2  3  4  5  6 |
---------------+-------------------+-----
Spellcasting   | 3 |  3.0
Conjurations   | 5 6 8 |  8.6
Hexes          | 2 3 |  3.0
Dodging        | |  1.7
Stealth        | |  1.7

Action                   |  1- 3 |  4- 6 |  7- 9 || total
-------------------------+-------+-------+-------++-------
Melee: Hand axe          |    92 |   123 |       ||   215
       Unarmed           |     9 |       |       ||     9
       Tailslap          |     5 |    14 |       ||    19
 Cast: Magic Dart        |    35 |    41 |       ||    76
       Searing Ray       |     3 |    12 |       ||    15
       Dazzling Spray    |       |     4 |       ||     4
       Iskenderun's Myst |       |     1 |       ||     1
Evoke: Wand              |       |     6 |       ||     6
  Use: Scroll            |       |     1 |       ||     1
 Stab: Sleeping          |     3 |     3 |       ||     6
  Eat: Chunk             |     4 |     9 |       ||    13
Armor: Skin              |    36 |    56 |       ||    92
Dodge: Dodged            |   104 |   115 |       ||   219
